 Dungeon Crawl Stone Soup version 0.31-a0-175-g9f7f995f2b (webtiles) character file.

Game seed: 11148049239296067967

754 qw the Shooter (level 7, -2/64 HPs)
             Began as a Naga Hunter on June 16, 2023.
             Was a Follower of Okawaru.
             Slain by Maggie
             ... wielding a +2 halberd of flaming
              (3 damage)
             ... on level 6 of the Dungeon.
             The game lasted 00:01:36 (3774 turns).

qw the Shooter (Naga Hunter)                        Turns: 3774, Time: 00:01:36

Health: -2/64      AC:  7    Str: 18    XL:     7   Next: 79%
Magic:  7/8        EV:  8    Int:  9    God:    Okawaru [*.....]
Gold:   251        SH:  5    Dex: 16    Spells: 6/6 levels left

rFire   + . .        Y - +0 shortbow
rCold   . . .        (shield currently unavailable)
rNeg    . . .        c - +0 leather armour
rPois   +            (no helmet)
rElec   .            (no cloak)
rCorr   .            (no gloves)
SInv    +            b - +3 barding "Ycwoil" {*Corrode Fly rF+ Str+4}
Will    .....        h - amulet of reflection
Stlth   ++           (no ring)
HPRegen 0.30/turn    (no ring)
MPRegen 0.11/turn

%: corrode self (3%), reflection
@: corroded, flying, mesmerised, very slow
A: AC +2, large, see invisible, deformed body, poison resistance, slowness 2,
spit poison 1, naga tail 1
a: Spit Poison, Renounce Religion, Heroism


You were on level 6 of the Dungeon.
You worshipped Okawaru.
Okawaru was aware of your devotion.
You visited 2 branches of the dungeon, and saw 7 of its levels.

You collected 251 gold pieces.


Innate Abilities, Weirdness & Mutations

Your serpentine skin is tough. (AC +2)
You have supernaturally acute eyesight. (SInv)
Armour fits poorly on your strangely shaped body.
Your system is resistant to poisons. (rPois)
You cover ground very slowly.
You can spit poison.
You have a snake-like lower body.


   Skills:
 - Level 4.1 Fighting
 + Level 7.0 Ranged Weapons
 - Level 2.1 Armour
 - Level 2.0 Dodging
 - Level 1.5 Stealth
 + Level 1.5 Invocations


You had 6 spell levels left.
You didn't know any spells.
Your spell library was empty.

Inventory:

Hand Weapons
 Y - a +0 shortbow (weapon)
Armour
 b - the +3 barding "Ycwoil" (worn) {*Corrode Fly rF+ Str+4}
   (You acquired it on level 3 of the Dungeon)

   Str:       It affects your strength (+4).
   rF:        It protects you from fire.
   Fly:       It grants you flight.
   *Corrode:  It may corrode you when you take damage.
 c - a +0 leather armour (worn)
Jewellery
 h - an amulet of reflection (around neck)
Scrolls
 k - a scroll of identify
Potions
 a - a potion of resistance {unknown}
 d - a potion of magic {unknown}
 e - 2 potions of curing
 f - a potion of heal wounds {unknown}
 g - a potion of mutation {unknown}
 j - a potion of attraction {unknown}

Dungeon Overview and Level Annotations

Branches:
Dungeon (6/15)             Temple (1/1) D:4

Altars:
Ashenzari
Cheibriados
Elyvilon
Fedhas
Nemelex Xobeh
Okawaru
Qazlal
Ru
Sif Muna
Trog
Vehumet
Wu Jian
Zin
The Shining One

Annotations:
D:6 Maggie


Message History

You block Maggie's attack.
3766 ||| INVOKING Spit Poison.
Aiming: Spit Poison (1% risk of failure)
Press: ? - help, Shift-Dir - straight line, f/p - Maggie The splash of poison hits Maggie!
Maggie is moderately wounded.
You shoot an arrow. The arrow closely misses Maggie.
Maggie hits you from afar with a +2 halberd of flaming.
Your corrosive artefact corrodes you!
You shoot an arrow.
The arrow hits Maggie but does no damage.
Maggie is moderately wounded.
Maggie hits you but does no damage.
You shoot an arrow.
The arrow hits Maggie but does no damage.
Maggie is moderately wounded.
You shoot an arrow.
The arrow hits Maggie but does no damage.
Maggie is moderately wounded.
Maggie casts a spell.
Maggie attempts to bespell you!
You are mesmerised by Maggie!
You shoot an arrow. The arrow hits Maggie!
Maggie is moderately wounded.
Maggie hits you but does no damage.
You shoot an arrow.
The arrow hits Maggie but does no damage.
Maggie is moderately wounded.
Maggie hits you from afar with a +2 halberd of flaming!
Maggie burns you.
You shoot an arrow. The arrow hits Maggie.
Maggie is heavily wounded.
Maggie closely misses you.
You shoot an arrow. The arrow hits Maggie.
Maggie is heavily wounded.
You have got your breath back.
You feel like a meek peon again.
Maggie hits you from afar with a +2 halberd of flaming!
Maggie burns you.
You die...

#######.######.#
........<......#
####.###.####### #.#
#.# #.# #.# #.# #.#
##.###.# #
###.#.##.#########=#
......##......@.@..#
####...........#####
#.#########.# #.#
..# #.# #.## #.# #.
#.# #. #.# .. ..# .#


You could see Maggie (mesmerising).

Vanquished Creatures
  An ogre (D:4)
  2 scorpions (D:5)
  A jelly (D:5)
  A hound (D:5)
  2 orc priests (D:4)
  4 iguanas
  2 sleepcaps (D:4)
  Ijyb (D:4)
  7 gnolls
  11 adders
  2 worms
  3 dart slugs (D:1)
  3 orcs (D:4)
  11 endoplasms
  2 giant cockroaches
  8 goblins
  8 hobgoblins
  5 quokkas
  3 ball pythons
  6 bats
  6 kobolds
  3 rats
92 creatures vanquished.

Notes
Turn   | Place    | Note
-------+----------+-------------------------------------------
     0 | D:1      | qw the Naga Hunter began the quest for the Orb.
     0 | D:1      | Reached XP level 1. HP: 19/19 MP: 1/1
     0 | D:1      | 0 ||| qw: Version: 0.2-a-29-g511e9b1
     0 | D:1      | 0 ||| qw: Game counter: 5930
     0 | D:1      | 0 ||| qw: Always use a shield: true
     0 | D:1      | 0 ||| qw: God list: Okawaru
     0 | D:1      | 0 ||| qw: Allow faded altars: false
     0 | D:1      | 0 ||| qw: Do Orc after D:15 true
     0 | D:1      | 0 ||| qw: Do second Lair branch before Depths: true
     0 | D:1      | 0 ||| qw: Lair rune preference: random
     0 | D:1      | 0 ||| qw: Plans: Normal
     0 | D:1      | 0 ||| PLANNING D:1-11
   119 | D:1      | 119 ||| INVOKING Spit Poison.
   142 | D:1      | 142 ||| INVOKING Spit Poison.
   147 | D:1      | 147 ||| INVOKING Spit Poison.
   162 | D:1      | 162 ||| INVOKING Spit Poison.
   163 | D:1      | Reached skill level 4 in Ranged Weapons
   163 | D:1      | Reached XP level 2. HP: 26/26 MP: 2/2
   181 | D:1      | 181 ||| INVOKING Spit Poison.
   183 | D:1      | 183 ||| Stepping ~*~*~tactically~*~*~ (outnumbered).
   185 | D:1      | 185 ||| INVOKING Spit Poison.
   290 | D:1      | 290 ||| INVOKING Spit Poison.
   293 | D:1      | 293 ||| INVOKING Spit Poison.
   304 | D:1      | 304 ||| INVOKING Spit Poison.
   310 | D:1      | Reached XP level 3. HP: 32/32 MP: 3/3
   396 | D:1      | 396 ||| INVOKING Spit Poison.
   414 | D:1      | 414 ||| INVOKING Spit Poison.
   426 | D:1      | 426 ||| INVOKING Spit Poison.
   449 | D:1      | 449 ||| INVOKING Spit Poison.
   577 | D:1      | 577 ||| INVOKING Spit Poison.
   651 | D:1      | 651 ||| READING scroll labelled WADO DOXTO.
   652 | D:1      | 652 ||| DROPPING scroll of butterflies.
   678 | D:2      | 678 ||| INVOKING Spit Poison.
   681 | D:2      | 681 ||| INVOKING Spit Poison.
   686 | D:2      | 686 ||| INVOKING Spit Poison.
   689 | D:2      | 689 ||| INVOKING Spit Poison.
   692 | D:2      | 692 ||| INVOKING Spit Poison.
   696 | D:2      | HP: 8/32 [quokka (1)]
   793 | D:2      | 793 ||| INVOKING Spit Poison.
   802 | D:2      | 802 ||| INVOKING Spit Poison.
   808 | D:2      | Reached skill level 5 in Ranged Weapons
   842 | D:2      | 842 ||| INVOKING Spit Poison.
   845 | D:2      | Reached XP level 4. HP: 39/39 MP: 4/4
   847 | D:2      | 847 ||| INVOKING Spit Poison.
   854 | D:2      | 854 ||| INVOKING Spit Poison.
   860 | D:2      | 860 ||| INVOKING Spit Poison.
   860 | D:2      | HP: 10/40 [poisoned by a goblin]
   861 | D:2      | HP: 4/40 [poisoned by an adder]
   865 | D:2      | HP: 1/40 [poisoned by an adder]
   990 | D:2      | 990 ||| INVOKING Spit Poison.
  1054 | D:2      | 1054 ||| INVOKING Spit Poison.
  1058 | D:2      | 1058 ||| INVOKING Spit Poison.
  1107 | D:2      | 1107 ||| INVOKING Spit Poison.
  1109 | D:2      | Reached skill level 3 in Fighting
  1337 | D:2      | 1337 ||| UPGRADING to amulet of reflection.
  1342 | D:2      | 1342 ||| READING scroll labelled YQOARHAIRO.
  1365 | D:3      | 1365 ||| INVOKING Spit Poison.
  1423 | D:3      | 1423 ||| INVOKING Spit Poison.
  1424 | D:3      | 1424 ||| INVOKING Spit Poison.
  1440 | D:3      | Found a glowing silver altar of Zin.
  1455 | D:3      | 1455 ||| INVOKING Spit Poison.
  1571 | D:3      | 1571 ||| INVOKING Spit Poison.
  1595 | D:3      | 1595 ||| INVOKING Spit Poison.
  1632 | D:3      | 1632 ||| INVOKING Spit Poison.
  1633 | D:3      | Reached XP level 5. HP: 49/49 MP: 5/5
  1695 | D:3      | 1695 ||| INVOKING Spit Poison.
  1782 | D:3      | 1782 ||| INVOKING Spit Poison.
  1942 | D:3      | 1942 ||| INVOKING Spit Poison.
  1966 | D:3      | 1966 ||| INVOKING Spit Poison.
  2047 | D:3      | 2047 ||| READING scroll labelled VIABRU COHA.
  2048 | D:3      | 2048 ||| READING scroll labelled FOIRPH NUGIRYPN.
  2049 | D:3      | 2049 ||| READING scroll labelled YTOTRA BEOJO.
  2049 | D:3      | Identified a scroll of acquirement
  2049 | D:3      | 2049 ||| ACQUIRING +3 barding "Ycwoil" {*Corrode Fly rF+
                  | Str+4}
  2049 | D:3      | Acquired the +3 barding "Ycwoil" {*Corrode Fly rF+ Str+4}
  2051 | D:3      | 2051 ||| UPGRADING to +3 barding "Ycwoil" {*Corrode Fly rF+
                  | Str+4}.
  2056 | D:3      | 2056 ||| READING scroll labelled QEKLUSI HOHIGA.
  2057 | D:3      | 2057 ||| DRINKING 3 bubbling coppery potions.
  2058 | D:3      | 2058 ||| DRINKING 2 orange potions.
  2103 | D:3      | 2103 ||| DROPPING potion of lignification.
  2144 | D:4      | 2144 ||| INVOKING Spit Poison.
  2148 | D:4      | Noticed an ogre
  2150 | D:4      | 2150 ||| INVOKING Spit Poison.
  2155 | D:4      | 2155 ||| INVOKING Spit Poison.
  2155 | D:4      | Killed an ogre
  2168 | D:4      | 2168 ||| INVOKING Spit Poison.
  2203 | D:4      | 2203 ||| INVOKING Spit Poison.
  2207 | D:4      | 2207 ||| INVOKING Spit Poison.
  2208 | D:4      | Reached XP level 6. HP: 56/56 MP: 6/6
  2212 | D:4      | 2212 ||| INVOKING Spit Poison.
  2215 | D:4      | 2215 ||| INVOKING Spit Poison.
  2219 | D:4      | 2219 ||| INVOKING Spit Poison.
  2222 | D:4      | 2222 ||| INVOKING Spit Poison.
  2226 | D:4      | 2226 ||| INVOKING Spit Poison.
  2371 | D:4      | 2371 ||| INVOKING Spit Poison.
  2457 | D:4      | Found a staircase to the Ecumenical Temple.
  2458 | D:4      | 2458 ||| PLANNING TEMPLE
  2458 | D:4      | 2458 ||| INVOKING Spit Poison.
  2464 | D:4      | 2464 ||| READING scroll labelled BOTYOCZ HANU.
  2465 | D:4      | 2465 ||| READING 2 scrolls labelled FEAMMA UNKYOCS.
  2471 | Temple   | Entered the Ecumenical Temple
  2471 | Temple   | Found a transporter.
  2471 | Temple   | Found a transporter.
  2473 | Temple   | Found a transporter.
  2473 | Temple   | Found a transporter.
  2482 | Temple   | 2482 ||| PLANNING OKAWARU WORSHIP
  2489 | Temple   | Became a worshipper of Warmaster Okawaru
  2490 | Temple   | 2490 ||| PLANNING D:1-11
  2597 | D:4      | Noticed Ijyb
  2599 | D:4      | 2599 ||| INVOKING Spit Poison.
  2606 | D:4      | 2606 ||| INVOKING Spit Poison.
  2613 | D:4      | 2613 ||| INVOKING Spit Poison.
  2619 | D:4      | 2619 ||| INVOKING Spit Poison.
  2621 | D:4      | Killed Ijyb
  2622 | D:4      | Reached skill level 6 in Ranged Weapons
  2665 | D:4      | 2665 ||| INVOKING Spit Poison.
  2669 | D:4      | 2669 ||| INVOKING Spit Poison.
  2674 | D:4      | 2674 ||| INVOKING Spit Poison.
  2677 | D:4      | 2677 ||| INVOKING Spit Poison.
  2835 | D:4      | 2835 ||| INVOKING Spit Poison.
  2849 | D:4      | 2849 ||| INVOKING Spit Poison.
  2856 | D:4      | 2856 ||| INVOKING Spit Poison.
  2859 | D:4      | 2859 ||| INVOKING Spit Poison.
  2866 | D:4      | 2866 ||| INVOKING Spit Poison.
  2960 | D:4      | 2960 ||| READING scroll labelled PISAIL RERROC.
  2981 | D:5      | Entered Level 5 of the Dungeon
  2995 | D:5      | 2995 ||| STAIRDANCE
  3001 | D:4      | Reached XP level 7. HP: 35/64 MP: 7/7
  3142 | D:5      | 3142 ||| INVOKING Spit Poison.
  3145 | D:5      | 3145 ||| INVOKING Spit Poison.
  3163 | D:5      | 3163 ||| INVOKING Spit Poison.
  3167 | D:5      | 3167 ||| INVOKING Spit Poison.
  3174 | D:5      | 3174 ||| INVOKING Spit Poison.
  3213 | D:5      | Identified the amulet "Xuetisokk" {Reflect Rampage Will++
                  | Dex-4 SH+5}
  3215 | D:5      | 3215 ||| INVOKING Spit Poison.
  3292 | D:5      | 3292 ||| INVOKING Spit Poison.
  3333 | D:5      | 3333 ||| INVOKING Spit Poison.
  3337 | D:5      | 3337 ||| INVOKING Spit Poison.
  3337 | D:5      | Reached * piety under Okawaru
  3338 | D:5      | Reached skill level 7 in Ranged Weapons
  3357 | D:5      | 3357 ||| INVOKING Spit Poison.
  3358 | D:5      | Reached skill level 1 in Invocations
  3585 | D:5      | 3585 ||| INVOKING Spit Poison.
  3589 | D:5      | 3589 ||| INVOKING Spit Poison.
  3710 | D:5      | 3710 ||| DROPPING scarf of invisibility.
  3711 | D:5      | 3711 ||| DROPPING amulet "Xuetisokk" {Reflect Rampage
                  | Will++ Dex-4 SH+5}.
  3712 | D:5      | 3712 ||| READING scroll labelled BYIRIH UREURARR.
  3738 | D:6      | 3738 ||| INVOKING Spit Poison.
  3741 | D:6      | 3741 ||| INVOKING Spit Poison.
  3748 | D:6      | 3748 ||| INVOKING Spit Poison.
  3758 | D:6      | Noticed Maggie
  3759 | D:6      | 3759 ||| INVOKING Spit Poison.
  3761 | D:6      | 3761 ||| INVOKING Heroism.
  3766 | D:6      | 3766 ||| INVOKING Spit Poison.
  3774 | D:6      | HP: 1/64 [Maggie/+2 halberd of flaming (16)]
  3774 | D:6      | Slain by Maggie

Levels and vault maps discovered:
D:1:      dpeg_arrival_windows_large_door, layout_loops_ring, hex_large,
          st_stairs_9, hangedman_abyss_or_decor_stabs
D:2:      layout_rooms
D:3:      layout_basic, mainiacjoe_overflow_paths
D:4:      layout_rooms, minmay_temple_entry_fiery, hangedman_decor_points,
          nicolae_underground_beach, uniq_ijyb
D:5:      layout_gridville
D:6:      layout_loops_ring, mainiacjoe_overflow_surrounded_room,
          serial_aquarium, aquarium_bridge_square [aquarium_subvault_window,
          aquarium_subvault_bridge, aquarium_subvault_window,
          aquarium_subvault_bridge], aquarium_window_3, aquarium_window_fake,
          aquarium_window_fake, aquarium_window_2, aquarium_view_2f,
          aquarium_pool_S, uniq_maggie, uniq_duvessa
Temple:   hellmonk_temple_divided_pantheon

Skill      XL: |  1  2  3  4  5  6  7 |
---------------+----------------------+-----
Ranged Weapons | 4 5 6 7 |  7.0
Fighting       | 3 4 |  4.1
Armour         | 2 |  2.1
Invocations    | 1 |  1.5
Dodging        | 2 |  2.0
Stealth        | |  1.5

Action                     |  1- 3 |  4- 6 |  7- 9 || total
---------------------------+-------+-------+-------++-------
   Fire: Shortbow          |    62 |   154 |    65 ||   281
 Invoke: Heroism           |       |       |     1 ||     1
Ability: Spit Poison       |    22 |    43 |    17 ||    82
    Use: Scroll            |     1 |     8 |     1 ||    10
         Potion            |       |     2 |       ||     2
 Armour: Leather armour    |     3 |    31 |     9 ||    43
  Dodge: Dodged            |    20 |    22 |    12 ||    54
  Block: Other             |       |    18 |     3 ||    21
         Reflection        |       |       |     1 ||     1

Table legend:
 A = Non-vault XP
 B = Vault XP
 C = Vault XP percentage of total XP
 D = Non-vault monster count
 E = Vault monster count
 F = Vault count percentage of total count
                 A         B        C        D         E       F
            +---------+---------+-------+---------+---------+-------
      Total |    1037 |      41 |   3.8 |      89 |       3 |   3.3
            +---------+---------+-------+---------+---------+-------
        D:1 |      41 |       5 |  10.9 |      22 |       2 |   8.3
        D:2 |      96 |       0 |   0.0 |      14 |       0 |   0.0
        D:3 |      31 |       0 |   0.0 |      10 |       0 |   0.0
        D:4 |     408 |      36 |   8.1 |      29 |       1 |   3.3
        D:5 |     448 |       0 |   0.0 |      13 |       0 |   0.0
        D:6 |      13 |       0 |   0.0 |       1 |       0 |   0.0
            +---------+---------+-------+---------+---------+-------
